 Dungeon Crawl Stone Soup version 0.17-a0-2098-gf59d6bc (webtiles) character file.

53 Lektor the Shooter (level 3, -6/28 HPs)
             Began as a Centaur Arcane Marksman on Oct 17, 2015.
             Killed from afar by Terence (12 damage)
             ... with a wand of flame
             ... on level 2 of the Dungeon.
             The game lasted 00:09:12 (2105 turns).

Lektor the Shooter (Centaur Arcane Marksman)        Turns: 2105, Time: 00:09:13

Health: -6/28      AC:  4    Str: 13    XL:     3   Next: 64%
Magic:  3/5        EV:  9    Int: 13    God:
Gold:   50         SH:  0    Dex:  8    Spells: 2 memorised, 2 levels left

rFire  . . .     SeeInvis .     a - +0 shortbow
rCold  . . .     Clarity  .     c - +0 robe
rNeg   . . .     SustAt   .     (no shield)
rPois  .         Gourm    .     (no helmet)
rElec  .         Spirit   .     (no cloak)
rCorr  .         Warding  .     (no gloves)
rMut   .         Stasis   .     (no barding)
MR     .....                    f - amulet of rage
Stlth  +.........               (no ring)
                                (no ring)

@: very quick, not resistant to hostile enchantments, very unstealthy
A: hooves 3, deformed body, speed 2, tough skin 3
a: Evoke Berserk Rage


You were on level 2 of the Dungeon.
You were hungry.

You visited 1 branch of the dungeon, and saw 2 of its levels.

You collected 50 gold pieces.

Inventory:

Hand Weapons
 a - a +0 shortbow (weapon)
 n - a +0 short sword
Missiles
 b - 28 arrows (quivered)
 m - 29 stones
Armour
 c - a +0 robe (worn)
 i - a +0 shield
Jewellery
 f - an amulet of rage (around neck)
Scrolls
 g - a scroll of magic mapping {unknown}
 h - a scroll of identify {unknown}
 l - a scroll of enchant weapon {unknown}
Potions
 k - a potion of curing {unknown}
 o - a potion of agility {unknown}
 p - a potion of might {unknown}
Books
 d - a book of Debilitation

   Spells                             Type                      Level
   a - Corona                         Hexes                        1
   b - Slow                           Hexes                        2
   c - Gell's Gravitas                Hexes/Translocation          3
   d - Inner Flame                    Hexes/Fire                   3
   e - Cause Fear                     Hexes                        4
   f - Leda's Liquefaction            Hexes/Earth                  4
Comestibles
 e - 2 bread rations


   Skills:
 - Level 1.0 Fighting
 - Level 3.7 Bows
 - Level 1.3 Dodging
 + Level 1.5 Spellcasting
 + Level 3.3 Hexes


You had 2 spell levels left.
You knew the following spells:

 Your Spells              Type           Power        Failure   Level  Hunger
a - Corona                Hex            #......      10%         1    ##.....
b - Slow                  Hex            #.......     12%         2    ###....


Dungeon Overview and Level Annotations

Branches:
Dungeon (2/15)

Altars:
Ru

Annotations:
D:2 Terence


Innate Abilities, Weirdness & Mutations

You have hooves in place of feet.
Armour fits poorly on your strangely shaped body.
You cover ground very quickly.
You have extremely tough skin (AC +3).


Message History

Aim: Terence, wielding a mace and wearing a ring mail (moderately wounded, softly glowing)
You shoot an arrow. The arrow hits the bat!
You kill the bat!
Terence zaps a wand.
The puff of flame hits you!
It is a wand of flame.
Firing (i - inventory. (,) - cycle):
b - 30 arrows (quivered)
Press: ? - help, Shift-Dir - straight line, f/p - Terence
Aim: Terence, wielding a mace, wearing a ring mail and carrying a wand of flame {zapped: 1} (moderately wounded, softly glowing)
You shoot an arrow.
The arrow hits Terence but does no damage.
Terence is moderately wounded.
Firing (i - inventory. (,) - cycle):
b - 29 arrows (quivered)
Press: ? - help, Shift-Dir - straight line, f/p - Terence
Aim: Terence, wielding a mace, wearing a ring mail and carrying a wand of flame {zapped: 1} (moderately wounded, softly glowing)
You shoot an arrow.
The arrow hits Terence but does no damage.
Terence is moderately wounded.
Terence stops glowing.
Terence zaps a wand.
The puff of flame hits you!
* * * LOW HITPOINT WARNING * * *
Terence zaps a wand.
The puff of flame hits you!
You die...

#...# #......#.##......
#...###.#....#.##......
#...@..................
#.(##.#.#....#..#.#.###
#..##.#......#..#.#.# #
###.####@.##.#.#.#..#......###
.....@.(..##.#................
###.#####.##.#...........#.###
........@##....#.##......
...#.##........#.##...###
#.##..###..##.##.#.#
#.##.............#.#
..#..####.##.##.###
#.............#####
...###..##.#.......
.......>...'.......
###...#.#.......


You could see Terence.

Vanquished Creatures
  An adder (D:2)
  2 giant geckos (D:1)
  A ball python (D:1)
  9 bats
  3 goblins
  6 hobgoblins
  3 kobolds
  2 quokkas (D:2)
  4 giant newts
  4 jackals (D:1)
  5 rats
40 creatures vanquished.

Notes
Turn   | Place    | Note
--------------------------------------------------------------
     0 | D:1      | Lektor the Centaur Arcane Marksman began the quest for the Orb.
     0 | D:1      | Reached XP level 1. HP: 16/16 MP: 2/2
   252 | D:1      | Reached skill level 3 in Bows
   378 | D:1      | Reached XP level 2. HP: 23/23 MP: 3/3
  1150 | D:2      | Reached XP level 3. HP: 26/28 MP: 1/4
  1851 | D:1      | Learned a level 2 spell: Slow
  1947 | D:2      | Found a sacrificial altar of Ru.
  2087 | D:2      | Noticed Terence
  2105 | D:2      | Killed from afar by Terence

Vault maps used:
D:1:      lightli_molten_gateway, minmay_misc_feat_square
D:2:      nicolae_ru_path_of_blood, ecumenical_altar_1,
          kennysheep_generic_room_10, uniq_terence

Action                   || total
-------------------------++-------
Melee: Dagger            ||    53
       Short sword       ||     7
 Fire: Shortbow          ||    68
Throw: Stone             ||     7
 Cast: Corona            ||    20
       Slow              ||     1
  Eat: Chunk             ||     3
